[Event "Masters Tournament (MTO)"]
[Site "Biel, Switzerland"]
[Date "2026.07.17"]
[Round "5.23"]
[White "Gireada, Daniel"]
[Black "Papaux, Jeremie"]
[Result "1/2-1/2"]
[TimeControl "100+30+30sec/move"]
[WhiteTitle "-"]
[BlackTitle "-"]
[WhiteFideId "1206451"]
[BlackFideId "1340867"]
[WhiteElo "2255"]
[BlackElo "2102"]

1. d4 d5 2. c4 e6 3. Nc3 Be7 4. cxd5 exd5 5. Bf4 c6 6. e3 Bf5 7. g4 Be6 8. h4 Nd7 9. Bd3 Bxh4 10.
Qb3 g5 11. Be5 Nxe5 12. dxe5 d4 13. Qxb7 dxc3 14. Qxc6+ Kf8 15. Qxc3 Ne7 16. Rd1 Qb6 17. Bf5 Bxf5 18. gxf5 Nxf5 19.
Rd3 Kg7 20. Nf3 Rhd8 21. Rd6 Nxd6 22. exd6+ f6 23. Nxh4 Rxd6 24. Nf5+ Kh8 25. Nxd6 Qxd6 26. Qc2 Qd7 27. Qc3 Kg7 28.
Qc2 h6 29. Qe4 Re8 30. Qf3 Qb5 31. Qh5 Rh8 32. Qe2 Qa5+ 33. Qd2 Qxa2 34. O-O Rb8 35. Rc1 Rb7 36. Qd8 Qf7 37. Rc8 Rd7 38. Qh8+ Kg6 39. e4 Qe6 40. Qe8+ Qxe8 41. Rxe8 Rb7 42.
Rg8+ Kf7 43. Rh8 Kg7 44. Re8 h5 45. Re6 h4 46. Ra6 Kf7 47. Kg2 g4 48. b3 Rxb3 49. Rxa7+ Kg6 50. Ra6 Kg5 51.
Ra5+ Kg6 52. Rf5 h3+ 53. Kh2 Rb4 54. Rf4 Kg5 55. Rf5+ Kh4 56. Rxf6 Rxe4 57. Rf8 Rd4 58. Rh8+ Kg5 59.
Rg8+ Kf5 60. Rf8+ Ke4 61. Kg3 Rd7 62. Rf4+ Kd3 63. Rxg4 Rh7 64. Kh2 Rf7 1/2-1/2

[Event "Masters Tournament (MTO)"]
[Site "Biel, Switzerland"]
[Date "2026.07.17"]
[Round "5.24"]
[White "Matsumura, Cocoro"]
[Black "Stefan, Iulia-Cristiana"]
[Result "0-1"]
[TimeControl "100+30+30sec/move"]
[WhiteTitle "-"]
[BlackTitle "-"]
[WhiteFideId "36087114"]
[BlackFideId "1273876"]
[WhiteElo "2225"]
[BlackElo "2053"]

1. e4 e5 2. Nf3 Nc6 3. Bc4 Nf6 4. d3 h6 5. c3 d6 6. O-O g6 7. d4 Qe7 8. Re1 Bg7 9. a4 O-O 10. Nbd2 Nh5 11. d5 Nb8 12. Nf1 Nf4 13.
a5 a6 14. g3 Nh3+ 15. Kg2 f5 16. exf5 Bxf5 17. Be3 g5 18. N3d2 g4 19. Be2 h5 20. Qb3 Nd7 21. Qxb7 Rab8 22.
Qxa6 Rxb2 23. Qc4 Qf7 24. Qxc7 Be4+ 25. Nxe4 Rxe2 26. Nfd2 Rxd2 27. Nxd2 Qxd5+ 28. Kf1 Nc5 29. Rad1 Bh6 30.
Bxc5 Bxd2 31. Be3 Bxe3 0-1

[Event "Masters Tournament (MTO)"]
[Site "Biel, Switzerland"]
[Date "2026.07.17"]
[Round "5.25"]
[White "Cervelli, Eduard"]
[Black "Al Ibrahim, Abdulrahman"]
[Result "1-0"]
[TimeControl "100+30+30sec/move"]
[WhiteTitle "-"]
[BlackTitle "-"]
[WhiteFideId "1351800"]
[BlackFideId "10300503"]
[WhiteElo "2197"]
[BlackElo "2016"]

1. e4 c6 2. d4 d5 3. f3 Qb6 4. Nc3 dxe4 5. fxe4 e5 6. Nf3 exd4 7. Nxd4 h5 8. Be2 Bg4 9. Bxg4 hxg4 10.
Qd3 Nd7 11. Bf4 Bc5 12. Nf5 g6 13. Ng7+ Ke7 14. O-O-O Kf8 15. Ne6+ fxe6 16. Qxd7 1-0

[Event "Masters Tournament (MTO)"]
[Site "Biel, Switzerland"]
[Date "2026.07.17"]
[Round "5.26"]
[White "Iafelice, Vincenzo"]
[Black "Ling, Chenxuan"]
[Result "0-1"]
[TimeControl "100+30+30sec/move"]
[WhiteTitle "-"]
[BlackTitle "-"]
[WhiteFideId "810541"]
[BlackFideId "30983118"]
[WhiteElo "2086"]
[BlackElo "2166"]

1. e4 e6 2. d4 d5 3. e5 c5 4. c3 Nc6 5. Nf3 Bd7 6. Be2 Nge7 7. Na3 Nf5 8. Nc2 cxd4 9. cxd4 Be7 10.
O-O O-O 11. Bd3 f6 12. Bxf5 exf5 13. Bf4 g5 14. exf6 Bxf6 15. Be5 f4 16. Qd2 Bg4 17. Bxf6 Qxf6 18. Nfe1 Rae8 19. f3 Bf5 20.
Rd1 Re7 21. Rf2 Rfe8 22. g3 Kh8 23. gxf4 g4 24. Nd3 gxf3 25. Ne5 Rg8+ 26. Kh1 Reg7 27. Ne3 Be4 0-1

[Event "Masters Tournament (MTO)"]
[Site "Biel, Switzerland"]
[Date "2026.07.17"]
[Round "5.27"]
[White "Jelicic, Hugo"]
[Black "Kudryavtsev, Eugene"]
[Result "1/2-1/2"]
[TimeControl "100+30+30sec/move"]
[WhiteTitle "-"]
[BlackTitle "-"]
[WhiteFideId "1349040"]
[BlackFideId "1315374"]
[WhiteElo "1907"]
[BlackElo "2146"]

1. d4 Nf6 2. Nf3 e6 3. Bf4 c5 4. e3 Qb6 5. Qc1 Nc6 6. c3 Be7 7. Nbd2 d5 8. h3 Bd7 9. Be2 O-O 10.
O-O Rfc8 11. b3 cxd4 12. exd4 Ne4 13. Qb2 Nxd2 14. Nxd2 Na5 15. Rab1 Bd6 16. Bxd6 Qxd6 17. c4 dxc4 18.
bxc4 b6 19. Rfc1 Rab8 20. Qc3 Nc6 21. Nb3 e5 22. c5 Nxd4 23. Nxd4 Qxd4 24. Qa3 Bf5 25. Rb4 Qd2 26. Bf3 a5 27.
Rb5 e4 28. c6 Qf4 29. Rxf5 Qxf5 30. Bg4 Qe5 31. Bxc8 Rxc8 32. Qb3 b5 33. Qe3 g6 34. Qb6 Rc7 35. Rc5 Qd6 36. Qxb5 Qd1+ 37.
Qf1 Qd4 38. Qc1 Qa4 39. Rc4 Qxa2 40. Rxe4 Qd5 41. Rc4 a4 42. Rc3 h5 43. h4 Kh7 44. Rc5 Qe4 45. Rc4 Qd5 46. Qc2 a3 47.
Rc5 Qd4 48. Rxh5+ Kg7 49. Ra5 Qb2 50. Qc5 a2 51. Rxa2 Rxc6 52. Qxc6 Qxa2 53. Qc3+ Kh7 54. Qf6 Qd5 55. Kh2 Kg8 56.
f4 Kh7 57. Qe5 Qd8 58. Qg5 Qd1 59. f5 Qd6+ 60. Qg3 Qf6 61. fxg6+ fxg6 62. Kh3 Qf5+ 63. Qg4 Qd3+ 64. Qf3 Qb1 65.
g4 Kg7 66. g5 Qb2 67. Qe3 Qb1 68. Qf3 Qb2 69. Qd3 Qe5 70. Kg2 Qe6 71. Qd4+ Kf7 72. Kg3 Kg8 73. Kf4 Qf5+ 74. Ke3 Qh3+ 75.
Kd2 Qe6 76. Kc3 Kh7 77. Kb4 Qc6 78. Ka5 Qb7 79. Qf4 Qa7+ 80. Kb5 Qb7+ 81. Kc5 Qd7 82. Qd6 Qf5+ 83. Qd5 Qf2+ 84. Qd4 Qf5+ 85. Kd6 Qf8+ 86. Kc7 Qf3 87.
Kc8 Qa8+ 88. Kd7 Qb7+ 89. Ke8 Qf3 90. Qf6 Qa8+ 91. Qd8 Qf3 92. Qd7+ Kg8 93. Qe6 Kg7 94. Ke7 Qa3+ 95. Qd6 Qe3+ 96.
Kd8 Qf3 97. Qe7+ Kg8 98. Qd7 Qf4 99. Qe6 Kg7 100. Kd7 Qa4+ 101. Ke7 Qb4+ 102. Qd6 Qe4+ 103. Kd8 Qa8+ 104. Kd7 Qa4+ 105. Kc8 Qa8+ 106. Qb8 Qf3 107. Qc7+ Kg8 108. Qc4 Kg7 109. Kd7 Qf5+ 110. Qe6 Qd3+ 111. Qd6 Qf5+ 112. Ke8 Qf7+ 113. Kd8 Qf3 114. Kc8 Qa8+ 115. Kd7 Qa4+ 1/2-1/2

[Event "Masters Tournament (MTO)"]
[Site "Biel, Switzerland"]
[Date "2026.07.17"]
[Round "5.28"]
[White "Vihaan, Dumir"]
[Black "Tan, Jimmy"]
[Result "1-0"]
[TimeControl "100+30+30sec/move"]
[WhiteTitle "-"]
[BlackTitle "-"]
[WhiteFideId "25901010"]
[BlackFideId "129057499"]
[WhiteElo "2132"]
[BlackElo "1953"]

1. e4 c6 2. d4 d5 3. f3 Qb6 4.
Nc3 e5 5. dxe5 Bc5 6. Na4 Qa5+ 7. c3 Bxg1 8. Rxg1 dxe4 9. Bf4 Ne7 10. b4 Qc7 11. fxe4 Ng6 12. Bg3 Qe7 13. Qd6 O-O 14. h4 Rd8 15.
Qxe7 Nxe7 16. Nb2 b5 17. a4 Bd7 18. c4 Na6 19. axb5 Nxb4 20. Rd1 Bg4 21. Rd6 cxb5 22. cxb5 Rdc8 23.
Bc4 Nc2+ 24. Kd2 Na3 25. Bd3 Rab8 26. Ra6 Nxb5 27. Nc4 Nd4 28. e6 Rb3 29. exf7+ Kf8 30. Rxa7 Nec6 31. Bd6+ 1-0

[Event "Masters Tournament (MTO)"]
[Site "Biel, Switzerland"]
[Date "2026.07.17"]
[Round "5.29"]
[White "Oestmann, Lukas"]
[Black "Ashwath, Kaushik"]
[Result "0-1"]
[TimeControl "100+30+30sec/move"]
[WhiteTitle "-"]
[BlackTitle "-"]
[WhiteFideId "1326457"]
[BlackFideId "33387230"]
[WhiteElo "1998"]
[BlackElo "2278"]

1. e4 c5 2. Nf3 d6 3. d4 cxd4 4.
Nxd4 Nf6 5. Nc3 a6 6. f4 g6 7. Nf3 Nc6 8. e5 Nd7 9. exd6 Bg7 10. Be3 Bxc3+ 11. bxc3 Nf6 12. Be2 O-O 13.
O-O Re8 14. Bc4 exd6 15. Bf2 d5 16. Bb3 Ne4 17. Qxd5 Qxd5 18. Bxd5 Nxc3 19. Bxc6 Ne2+ 20. Kh1 bxc6 21. Rfe1 Bf5 22.
Ne5 Nxf4 23. Bg3 Nh5 24. Bh4 f6 25. Nxc6 Bxc2 26. Rxe8+ Rxe8 27. Nb4 Be4 28. Nxa6 Nf4 29. Nc5 Bxg2+ 30. Kg1 Re2 31. Bf2 Bf3 32. Bg3 Nh3+ 33. Kf1 Rg2 0-1

[Event "Masters Tournament (MTO)"]
[Site "Biel, Switzerland"]
[Date "2026.07.17"]
[Round "5.30"]
[White "Dauth, Benjamin"]
[Black "Di Candia, Roberto"]
[Result "1-0"]
[TimeControl "100+30+30sec/move"]
[WhiteTitle "-"]
[BlackTitle "-"]
[WhiteFideId "4688104"]
[BlackFideId "856649"]
[WhiteElo "2247"]
[BlackElo "1988"]

1. e4 e5 2. Bc4 Nf6 3. d3 Nc6 4. Nf3 Be7 5. O-O O-O 6. h3 d5 7. exd5 Nxd5 8. Nc3 Nb6 9. Bb5 Nd4 10.
Nxe5 Nxb5 11. Nxb5 Qd5 12. Nxc7 Qxe5 13. Nxa8 Bd6 14. f4 Qd4+ 15. Kh1 Nxa8 16. c3 Qd5 17. Qf3 Nc7 18. Bd2 f5 19.
Qg3 Rf6 20. Rf3 Rg6 21. Qf2 b6 22. c4 Qc6 23. b3 b5 24. Rc1 Bb7 25. d4 Qa6 26. d5 Ba3 27. Rc2 bxc4 28. bxc4 Qa4 29.
Be3 Ne8 30. Qe2 Nf6 31. Bf2 Ne4 32. Rb3 Qa6 33. Be1 Bc5 34. Rb5 h6 35. Qd3 Rb6 36. Rb3 Bc8 37. Re2 Bd7 38. Kh2 Qc8 39.
Bc3 Ba4 40. Rbb2 Be8 41. Be5 Bd7 42. Rb3 Ba4 43. Rbb2 Bd7 44. Qf3 Qa6 45. Qd3 Qa3 46. Qxa3 Bxa3 47. Rb3 Bc5 48. Bc7 Rb4 49.
Rxb4 Bxb4 50. Rb2 a5 51. Be5 Nc5 52. Bc7 Ne4 53. Rc2 a4 54. Rb2 Bc5 55. Rb7 Be8 56. Rb8 Kf7 57. Be5 Nd6 58.
g3 g6 59. Bxd6 Bxd6 60. Ra8 a3 61. Ra5 Bb4 62. Ra7+ Kf6 63. Kg2 Bc5 64. Ra8 Ke7 65. Kf3 g5 66. Ke2 gxf4 67. gxf4 Bh5+ 68.
Kd3 Bf3 69. Ra5 Be4+ 70. Kc3 Be3 71. Rxa3 Bxf4 72. Kd4 Bh2 73. Ra7+ Kf6 74. Ra6+ Ke7 75. Re6+ Kd7 76. c5 Bg1+ 77.
Kc4 Bb1 78. c6+ Kc7 79. Re7+ Kc8 80. d6 Bxa2+ 81. Kc3 Kb8 82. Rb7+ 1-0

[Event "Masters Tournament (MTO)"]
[Site "Biel, Switzerland"]
[Date "2026.07.17"]
[Round "5.31"]
[White "Erne, Raphael"]
[Black "Wiesmann, Dominique"]
[Result "1-0"]
[TimeControl "100+30+30sec/move"]
[WhiteTitle "-"]
[BlackTitle "-"]
[WhiteFideId "1341928"]
[BlackFideId "1308262"]
[WhiteElo "2166"]
[BlackElo "1978"]

1. c4 e5 2. g3 Nf6 3. Bg2 c6 4. Nf3 e4 5. Nd4 Qb6 6. Nb3 a5 7. d3 a4 8. N3d2 Bc5 9. O-O e3 10.
fxe3 Bxe3+ 11. Kh1 Ng4 12. Ne4 O-O 13. Nbc3 d5 14. cxd5 Ra5 15. Nd6 Bxc1 16. Qxc1 Nf2+ 17. Rxf2 Qxf2 18.
Nc4 Ra6 19. Qd2 cxd5 20. Nxd5 Rh6 21. Rf1 Qc5 22. Qg5 f6 23. Nxf6+ Rhxf6 24. Qxc5 Rxf1+ 25. Bxf1 Rxf1+ 26. Kg2 Rf8 27.
Qd5+ Kh8 28. Nd6 1-0

[Event "Masters Tournament (MTO)"]
[Site "Biel, Switzerland"]
[Date "2026.07.17"]
[Round "5.32"]
[White "Monteverde, Jonathan"]
[Black "Yang, Sung-Jui"]
[Result "0-1"]
[TimeControl "100+30+30sec/move"]
[WhiteTitle "-"]
[BlackTitle "-"]
[WhiteFideId "1314580"]
[BlackFideId "16301048"]
[WhiteElo "2098"]
[BlackElo "1935"]

1. d4 d5 2. c4 e6 3. Nc3 Nf6 4. cxd5 exd5 5. Bg5 c6 6. e3 h6 7. Bh4 Be7 8. Bd3 O-O 9. Nge2 Re8 10.
O-O a5 11. f3 b5 12. Bf2 Nbd7 13. Qc2 Ba6 14. Kh1 Qb6 15. e4 b4 16. Na4 Bxd3 17. Qxd3 Qb5 18. Qxb5 cxb5 19. Nc5 Nxc5 20.
dxc5 dxe4 21. Rfe1 Rac8 22. Rac1 Nd7 0-1

[Event "Masters Tournament (MTO)"]
[Site "Biel, Switzerland"]
[Date "2026.07.17"]
[Round "5.33"]
[White "Bucher, Dominic"]
[Black "Scherler, Julius"]
[Result "0-1"]
[TimeControl "100+30+30sec/move"]
[WhiteTitle "-"]
[BlackTitle "-"]
[WhiteFideId "1353144"]
[BlackFideId "1337947"]
[WhiteElo "2078"]
[BlackElo "1941"]

1. e4 c6 2. d4 d5 3. e5 Bf5 4. g4 Bg6 5. e6 Qd6 6. exf7+ Bxf7 7. Nf3 Nd7 8. Qe2 Ngf6 9. Ne5 Nxe5 10.
dxe5 Qb4+ 11. c3 Qe4 12. exf6 Qxh1 13. f3 O-O-O 14. Be3 exf6 15. Nd2 Re8 16. Nb3 Bd6 17. O-O-O Qxh2 18. Qxh2 Bxh2 19.
Bxa7 Bg6 20. Bb6 Bf4+ 21. Nd2 h5 22. b3 hxg4 23. fxg4 Rh2 0-1

[Event "Masters Tournament (MTO)"]
[Site "Biel, Switzerland"]
[Date "2026.07.17"]
[Round "5.34"]
[White "Aryan, Mehta"]
[Black "Gerrits, Augustin"]
[Result "1/2-1/2"]
[TimeControl "100+30+30sec/move"]
[WhiteTitle "-"]
[BlackTitle "-"]
[WhiteFideId "33329664"]
[BlackFideId "285358"]
[WhiteElo "1979"]
[BlackElo "2072"]

1. e4 e5 2. Nf3 Nc6 3. Bb5 a6 4. Ba4 Nf6 5. O-O Be7 6. Re1 b5 7. Bb3 d6 8. c3 O-O 9. h3 Nb8 10.
d4 Nbd7 11. c4 c6 12. Qc2 Bb7 13. a3 bxc4 14. Bxc4 exd4 15. Nxd4 d5 16. exd5 cxd5 17. Bd3 Rc8 18. Nc3 Ne4 19.
Nf5 Bc5 20. Be3 Qf6 21. Bxe4 dxe4 22. Ng3 Rfe8 23. Rad1 Qc6 24. Nf5 Bf8 25. Rd2 Ne5 26. Bd4 Qg6 27. Ng3 Bd6 28. Bxe5 Bxe5 29.
Nf1 f5 30. Qb3+ Qf7 31. Qxf7+ Kxf7 32. Ne3 g6 33. Na4 Red8 34. Rxd8 Rxd8 35. Nc4 Bd4 36. b4 Ke6 37. Nc5+ Bxc5 38.
bxc5 Rd4 39. Na5 Bd5 40. Rb1 Ke5 41.
c6 Kd6 42. Rb7 Bxc6 1/2-1/2

[Event "Masters Tournament (MTO)"]
[Site "Biel, Switzerland"]
[Date "2026.07.17"]
[Round "5.35"]
[White "Alsaleh, Eissa"]
[Black "Lumsdon, Andrew"]
[Result "0-1"]
[TimeControl "100+30+30sec/move"]
[WhiteTitle "-"]
[BlackTitle "-"]
[WhiteFideId "10312463"]
[BlackFideId "1308840"]
[WhiteElo "1908"]
[BlackElo "2033"]

1. e4 d6 2. d4 g6 3. Nc3 Bg7 4. f4 Nd7 5. Nf3 Nh6 6. Bd3 c6 7. O-O O-O 8. e5 dxe5 9. dxe5 Ng4 10.
Be2 Qb6+ 11. Nd4 Ndxe5 12. fxe5 Rd8 13. Bxg4 Rxd4 14. Be3 Rxd1 15. Bxb6 Rxa1 16. Rxa1 axb6 17. Bxc8 Rxc8 18. Re1 Rd8 19.
Re2 b5 20. Kf2 b4 21. Na4 Rd5 22. e6 b5 23. exf7+ Kxf7 0-1

[Event "Masters Tournament (MTO)"]
[Site "Biel, Switzerland"]
[Date "2026.07.17"]
[Round "5.36"]
[White "Aryan, Goyal"]
[Black "Joly, Fabrice"]
[Result "1-0"]
[TimeControl "100+30+30sec/move"]
[WhiteTitle "-"]
[BlackTitle "-"]
[WhiteFideId "366108825"]
[BlackFideId "612235"]
[WhiteElo "2029"]
[BlackElo "1907"]

1. e4 e5 2. Nf3 Nf6 3. Nxe5 d6 4. Nf3 Nxe4 5. Nc3 Nf6 6. d4 Be7 7. Bd3 O-O 8. h3 h6 9. Be3 Be6 10. Qd2 c5 11. g4 Nd5 12. dxc5 dxc5 13. O-O-O Qa5 14. Nxd5 Qxd2+ 15. Rxd2 Bxd5 16. Bh7+ Kxh7 17. Rxd5 b6 18. Ne5 Bf6 19. Nd7 Nxd7 20. Rxd7 Kg8 21. Rhd1 Rfd8 22. c3 Kf8 23. Rb7 Ke8 24.
Re1 Kf8 25. Bf4 Bh4 26. Kc2 Re8 27. Bd6+ Kg8 28. Rxe8+ Rxe8 29. Rb8 Rxb8 30. Bxb8 a6 31. Ba7 Bd8 32. Kd3 Kf8 33. a4 Ke7 34.
a5 bxa5 35. Bxc5+ Kd7 36. Kc4 Kc6 37. Bf8 Bf6 38. f4 Kb6 39. h4 g6 40. h5 gxh5 41. gxh5 1-0

[Event "Masters Tournament (MTO)"]
[Site "Biel, Switzerland"]
[Date "2026.07.17"]
[Round "5.37"]
[White "Stevens, Christian"]
[Black "Fattori Dittmar, Luca"]
[Result "1/2-1/2"]
[TimeControl "100+30+30sec/move"]
[WhiteTitle "-"]
[BlackTitle "-"]
[WhiteFideId "649090"]
[BlackFideId "34678883"]
[WhiteElo "2014"]
[BlackElo "1840"]

1. c4 c6 2. g3 d5 3. cxd5 cxd5 4. Bg2 Nf6 5. Nf3 Nc6 6. O-O Bg4 7. h3 Bxf3 8. Bxf3 e6 9. d3 Bd6 10.
Nc3 a6 11. Bg2 O-O 12. e4 Bc5 13. Bg5 dxe4 14. dxe4 h6 15. Qxd8 Rfxd8 16. Bxf6 gxf6 17. Rfd1 Nb4 18. Bf1 Bd4 19. a3 Bxc3 1/2-1/2

[Event "Masters Tournament (MTO)"]
[Site "Biel, Switzerland"]
[Date "2026.07.17"]
[Round "5.38"]
[White "Berezovskii, Arina"]
[Black "Arndt, Uwe"]
[Result "1-0"]
[TimeControl "100+30+30sec/move"]
[WhiteTitle "-"]
[BlackTitle "-"]
[WhiteFideId "34449850"]
[BlackFideId "24647713"]
[WhiteElo "1906"]
[BlackElo "2005"]

1. e4 c6 2. d4 d5 3. exd5 cxd5 4.
Bd3 Nc6 5. c3 Qc7 6. h3 Nf6 7. Nf3 e6 8. O-O Bd6 9. Re1 O-O 10. Nbd2 Bd7 11. Qe2 Rfe8 12. Ne5 a6 13. a4 Na5 14.
Bc2 b5 15. Ndf3 b4 16. Bg5 Ne4 17. Bxe4 dxe4 18. Qxe4 Nb3 19. Nxd7 Qxd7 20. Rad1 bxc3 21. bxc3 Qxa4 22. Qg4 Qc4 23.
Bf6 Bf8 24. Ne5 Qc7 25. Re3 Kh8 26. Rg3 Kg8 27. Qf4 Ra7 28. Rxg7+ 1-0

[Event "Masters Tournament (MTO)"]
[Site "Biel, Switzerland"]
[Date "2026.07.17"]
[Round "5.39"]
[White "Rosen, Noah"]
[Black "Schmidt, Florian Pascal"]
[Result "0-1"]
[TimeControl "100+30+30sec/move"]
[WhiteTitle "-"]
[BlackTitle "-"]
[WhiteFideId "1356267"]
[BlackFideId "16256840"]
[WhiteElo "1921"]
[BlackElo "2095"]

1. e4 c5 2. Nf3 d6 3. d4 cxd4 4. Nxd4 Nf6 5. Nc3 a6 6. Rg1 e5 7. Nb3 h5 8. h3 Be6 9. Be3 Nbd7 10.
g4 hxg4 11. hxg4 Rc8 12. g5 Rxc3 13. gxf6 Rxe3+ 14. fxe3 Nxf6 15. Qf3 Qc8 16. Bd3 Rh3 17. Rg3 Rh2 18. Qf1 Rxc2 19. Bxc2 Qxc2 20.
Qg2 Qxe4 21. Qxe4 Nxe4 22. Rg1 d5 23. a3 d4 24. Nd2 Nxd2 25. Kxd2 dxe3+ 26. Ke1 f5 27. Rc1 Kf7 28. Rc7+ Kf6 29. Rxb7 f4 30. Rb6 Kf5 31.
Rxe6 Kxe6 32. Rg6+ Kf5 33. Rxa6 f3 34. Ra7 Ke4 35. b4 e2 36. Kd2 g6 37. Rh7 Kd4 38. Rd7+ Kc4 39. Rh7 e4 40.
Rc7+ Kd4 41. Rd7+ Ke5 42. Rf7 Bh6+ 43. Ke1 Bf4 44. Rxf4 Kxf4 45. Kf2 e3+ 46. Ke1 Ke4 47. b5 Kd3 0-1

[Event "Masters Tournament (MTO)"]
[Site "Biel, Switzerland"]
[Date "2026.07.17"]
[Round "5.40"]
[White "Morrison, Joseph"]
[Black "Von Burg, Carl Alexander"]
[Result "1/2-1/2"]
[TimeControl "100+30+30sec/move"]
[WhiteTitle "-"]
[BlackTitle "-"]
[WhiteFideId "479535"]
[BlackFideId "1352458"]
[WhiteElo "2048"]
[BlackElo "1947"]

1. d4 d5 2. c4 c6 3. Nc3 Nf6 4. e3 Bf5 5. Nf3 e6 6. Nh4 Bg6 7. Bd2 Nbd7 8. Qb3 Qc7 9. Be2 Ne4 10.
Nxg6 Nxd2 11. Kxd2 hxg6 12. h3 dxc4 13. Bxc4 Nb6 14. Kc2 Nxc4 15. Qxc4 O-O-O 16. Rad1 Kb8 17. e4 Qf4 18. Rd2 Be7 19.
Qe2 Bb4 20. Rd3 1/2-1/2

[Event "Masters Tournament (MTO)"]
[Site "Biel, Switzerland"]
[Date "2026.07.17"]
[Round "5.41"]
[White "Corbat, Philippe"]
[Black "Malli, Shiivesh Sunil"]
[Result "1-0"]
[TimeControl "100+30+30sec/move"]
[WhiteTitle "-"]
[BlackTitle "-"]
[WhiteFideId "1304496"]
[BlackFideId "1340409"]
[WhiteElo "1893"]
[BlackElo "1994"]

1. e4 c5 2. a3 Nc6 3. b4 cxb4 4. axb4 Nxb4 5. c3 Nc6 6. d4 d5 7. exd5 Qxd5 8. Na3 e6 9. Nb5 Bd6 10.
Qg4 Nce7 11. Qxg7 Ng6 12. Nf3 Bd7 13. Ng5 Bxb5 14. Qxf7+ Kd8 15. Nxe6+ Kc8 16. Bxb5 Qxb5 17. Rb1 Qd7 18.
Rxb7 Qxf7 19. Rxf7 N8e7 20. O-O Kd7 21. Ng5 h5 22. Ne4 Bc7 23. c4 Raf8 24. Rxf8 Nxf8 25. Be3 Nf5 26. Ra1 Nxe3 27.
fxe3 Bb8 28. Ra6 Kc8 29. d5 Nd7 30. c5 Re8 31. Re6 Rxe6 32. dxe6 Nf8 33. e7 1-0

[Event "Masters Tournament (MTO)"]
[Site "Biel, Switzerland"]
[Date "2026.07.17"]
[Round "5.42"]
[White "Celis, Joel"]
[Black "Hajduk, Tomasz"]
[Result "1-0"]
[TimeControl "100+30+30sec/move"]
[WhiteTitle "-"]
[BlackTitle "-"]
[WhiteFideId "15400212"]
[BlackFideId "21811415"]
[WhiteElo "1981"]
[BlackElo "1921"]

1. Nf3 c5 2. b3 Nf6 3. Bb2 e6 4. e3 Nc6 5. Bb5 Be7 6. O-O O-O 7. Bxc6 bxc6 8. d3 d5 9. Ne5 Qc7 10.
f4 Ba6 11. Nd2 Nd7 12. Nxd7 Qxd7 13. Qg4 f6 14. Rf3 Rae8 15. h4 Bd8 16. Rg3 Qf7 17. h5 Ba5 18. Nf3 Bc8 19. h6 g6 20.
Nh4 Bd8 21. Qe2 e5 22. f5 g5 23. e4 Kh8 24. Nf3 c4 25. dxc4 dxc4 26. Qxc4 Qxc4 27. bxc4 Bb6+ 28. Kf1 Ba6 29.
Nd2 Rd8 30. Ke2 Rd7 31. Rd3 Rfd8 32. Bc3 Bc5 33. Rb1 Bf8 34. Ba5 Rxd3 35. cxd3 Rc8 36. Rh1 Rb8 37. Nb3 Kg8 38. Kd2 c5 39.
Kc2 Bb7 40. Bd2 Bc6 41. Be3 Ba4 42. Kc3 Bxb3 43. axb3 Rb6 44. Ra1 a6 45. g4 Kf7 46. Kb2 Rc6 47. Rh1 Kg8 48. Bd2 Kf7 49.
Ba5 Ke8 50. Kc3 Rc8 51. Rh2 Kd7 52. Rb2 Kc6 53. b4 Rb8 54. bxc5 Rxb2 55. Kxb2 Bxh6 56. Kc3 Kxc5 57. Bb4+ Kc6 58.
d4 exd4+ 59. Kxd4 Bg7 60. Be7 a5 61. Ba3 a4 62. Bc5 Bh6 63. Be7 Bg7 64. Kc3 Kd7 65. Bc5 Kc6 66. Bd4 h5 67.
gxh5 g4 68. Kb4 g3 69. Kxa4 g2 70. Bg1 Bf8 71. Kb3 Bc5 72. Bh2 Bd6 73. Bg1 Bc5 74. Bh2 Bd6 75. e5 Bxe5 76. Bg1 Kd6 1-0

[Event "Masters Tournament (MTO)"]
[Site "Biel, Switzerland"]
[Date "2026.07.17"]
[Round "5.43"]
[White "Damen, Josephine"]
[Black "Wenger, Arejou"]
[Result "1-0"]
[TimeControl "100+30+30sec/move"]
[WhiteTitle "-"]
[BlackTitle "-"]
[WhiteFideId "1074369"]
[BlackFideId "1336584"]
[WhiteElo "1971"]
[BlackElo "1873"]

1. e4 c5 2. Nf3 e6 3. d4 cxd4 4. Nxd4 Nf6 5. Nc3 Nc6 6. Ndb5 d6 7. Bf4 e5 8. Bg5 a6 9. Na3 b5 10.
Bxf6 gxf6 11. Nd5 f5 12. c3 Bg7 13. exf5 Bxf5 14. Nc2 O-O 15. Nce3 Bd7 16. Bd3 f5 17. O-O e4 18. Bc2 Ne5 19.
Nf4 Qg5 20. Ned5 Kh8 21. Qh5 Bh6 22. Qxg5 Bxg5 23. a4 Rg8 24. Rfd1 Bxf4 25. Nxf4 Rg4 26. g3 Nf3+ 27. Kh1 e3 28.
fxe3 Rxf4 29. gxf4 Bc6 30. axb5 Bxb5 31. Rxd6 Rg8 32. Bxf5 Be2 33. Bd3 Bf1 34. Rxf1 Rg2 35. Kxg2 1-0

[Event "Masters Tournament (MTO)"]
[Site "Biel, Switzerland"]
[Date "2026.07.17"]
[Round "5.44"]
[White "Heitmann, Erik"]
[Black "Vedant, Nayudu"]
[Result "1-0"]
[TimeControl "100+30+30sec/move"]
[WhiteTitle "-"]
[BlackTitle "-"]
[WhiteFideId "34608940"]
[BlackFideId "33369780"]
[WhiteElo "1949"]
[BlackElo "1797"]

1. d4 d5 2. c4 e6 3. Nc3 Nf6 4. Bg5 dxc4 5. e3 a6 6. Bxc4 c5 7. Nf3 b5 8. Bb3 Bb7 9. Rc1 Nbd7 10.
O-O Be7 11. Qe2 O-O 12. Rfd1 Qb6 13. Ne5 Rfe8 14. Bc2 h6 15. Nxd7 Nxd7 16. Bxe7 Rxe7 17. Ne4 c4 18. Qd2 b4 19.
Bb1 Rc8 20. Qc2 Bxe4 21. Qxe4 Nf6 22. Qf3 Rec7 23. h3 c3 24. bxc3 bxc3 25. Bc2 Qb2 26. Qe2 Nd5 27. Rb1 Qa3 28.
Rb3 Qa5 29. a3 Nb6 30. Qd3 g6 31. Ra1 Na4 32. Qe4 Nb2 33. Qg4 Kg7 34. Rf1 Nc4 35. Ra1 Nd2 36. Rb4 Rc4 37. Rb7 Qd5 38.
Qxg6+ Kh8 39. Qh7# 1-0

[Event "Masters Tournament (MTO)"]
[Site "Biel, Switzerland"]
[Date "2026.07.17"]
[Round "5.45"]
[White "Petry, Martin"]
[Black "Hornung, Hans"]
[Result "1/2-1/2"]
[TimeControl "100+30+30sec/move"]
[WhiteTitle "-"]
[BlackTitle "-"]
[WhiteFideId "1352318"]
[BlackFideId "4615140"]
[WhiteElo "1999"]
[BlackElo "1924"]

1. Nf3 Nf6 2. g3 c5 3. Bg2 Nc6 4. O-O e5 5. e4 Be7 6. Re1 O-O 7. h3 d6 8. c3 Be6 9. d4 exd4 10. cxd4 d5 11. e5 Ne4 12.
Be3 cxd4 13. Bxd4 Qd7 14. Nc3 Nxd4 15. Nxd4 Nxc3 16. bxc3 Bxh3 17. e6 Bxe6 18. Nxe6 fxe6 19. Rxe6 Bc5 20.
Re2 Rad8 21. Qd3 Qf5 22. Qxf5 Rxf5 23. Rd1 b6 24. c4 d4 25. Bd5+ Kf8 26. Kg2 g6 27. Rdd2 Kg7 28. Be4 Rf6 29.
Bd3 h5 30. Re5 Rdf8 31. Re4 Rf3 32. Re6 1/2-1/2

[Event "Masters Tournament (MTO)"]
[Site "Biel, Switzerland"]
[Date "2026.07.17"]
[Round "5.46"]
[White "Carey, Michael"]
[Black "Simon, Ralf-Axel"]
[Result "1-0"]
[TimeControl "100+30+30sec/move"]
[WhiteTitle "-"]
[BlackTitle "-"]
[WhiteFideId "30923760"]
[BlackFideId "4603125"]
[WhiteElo "1946"]
[BlackElo "1935"]

1. Nf3 d5 2. e3 Nf6 3. c4 g6 4.
cxd5 Nxd5 5. Nc3 Bg7 6. d4 O-O 7. Be2 c5 8. O-O cxd4 9. Nxd5 Qxd5 10. Nxd4 a6 11. Bf3 Qd6 12. Qb3 Nd7 13.
Rd1 Nc5 14. Qc2 Qb6 15. b4 Ne6 16. Bb2 Nxd4 17. Bxd4 Bxd4 18. Rxd4 Bf5 19. Qc5 Qxc5 20. bxc5 Rac8 21. Bxb7 Rxc5 22. Bxa6 Ra8 23. Bf1 1-0